General information
- name: BNet
- type: Ladder team game (AT/RT)
- host: Battle.net
- saver: dogsandhorse.ru
map: Monsoon
- players: 6
- length: 51:50
- speed: Fast
- version: 1.26 W3XP
- replay type:

» download(354 KB)
Players
team 1 (loser)
hokuto)raoh (
purple | 50 APM | 861 actions | 17:09)
2 Pandaren Brewmaster
1 Breath of Fire
1 Drunken Haze
» actions
| Assign group hotkey | 7 | |
| Build / train | 34 | |
| Enter build submenu | 13 | |
| Enter hero's abilities submenu | 2 | |
| Give item / drop item | 1 | |
| Right click | 512 | |
| Select / deselect | 85 | |
| Select group hotkey | 171 | |
| Use ability | 36 | |
861 total
» units
» buildings
| Altar of Storms | 1 | |
| Orc Burrow | 4 | |
| Stronghold | 4 | |
| War Mill | 1 | |
| Watch Tower | 6 | |
| Beastiary | 2 | |
| Fortress | 4 | |
| Voodoo Lounge | 1 | |
23 total
» build order
00:07 Altar of Storms
00:12 Orc Burrow
08:34 Stronghold
08:34 Stronghold
08:35 Stronghold
08:35 Stronghold
08:50 Orc Burrow
09:04 War Mill
10:31 Watch Tower
10:32 Watch Tower
10:36 Watch Tower
12:06 Watch Tower
12:07 Watch Tower
12:16 Beastiary
13:35 Beastiary
14:17 Orc Burrow
14:20 Fortress
14:21 Fortress
14:21 Fortress
15:02 Voodoo Lounge
15:13 Watch Tower
16:21 Orc Burrow
» items
| Boots of Speed | 1 | |
| Staff of Teleportation | 1 | |
2 total
Moimoimoi (
teal | 66 APM | 3422 actions | 51:49)
5 Pandaren Brewmaster
3 Breath of Fire
2 Drunken Brawler
2 Death Knight
1 Death Coil
1 Unholy Aura
» actions
| Assign group hotkey | 15 | |
| Build / train | 124 | |
| Enter build submenu | 44 | |
| Enter hero's abilities submenu | 8 | |
| Give item / drop item | 2 | |
| Right click | 1776 | |
| Select / deselect | 935 | |
| Select group hotkey | 238 | |
| Use ability | 280 | |
3422 total
» units
| Acolyte | 16 | |
| Ghoul | 3 | |
| Crypt Fiend | 7 | |
| Frost Wyrm | 8 | |
| Obsidian Statue | 4 | |
| Peon | 19 | |
57 total
» upgrades
| Web | 1 | |
| Creature Attack | 3 | |
| Freezing Breath | 1 | |
| Burrow | 1 | |
| Creature Carapace | 3 | |
| Liquid Fire | 1 | |
10 total
» buildings
| Graveyard | 1 | |
| Altar of Darkness | 1 | |
| Halls of the Dead | 6 | |
| Ziggurat | 22 | |
| Crypt | 2 | |
| Nerubian Tower | 3 | |
| Black Citadel | 2 | |
| Sacrificial Pit | 1 | |
| Boneyard | 4 | |
| Necropolis | 2 | |
| Tomb of Relics | 2 | |
| Slaughterhouse | 1 | |
| Spirit Tower | 3 | |
| Beastiary | 2 | |
| Watch Tower | 21 | |
| Orc Burrow | 2 | |
75 total
» build order
00:19 Graveyard
00:30 Altar of Darkness
00:39 Halls of the Dead
00:40 Halls of the Dead
00:40 Halls of the Dead
00:40 Halls of the Dead
00:46 Ziggurat
00:49 Ziggurat
01:06 Crypt
01:34 Ziggurat
02:02 Ziggurat
02:34 Nerubian Tower
03:13 Black Citadel
03:14 Black Citadel
04:20 Sacrificial Pit
05:37 Boneyard
05:38 Boneyard
05:39 Boneyard
05:41 Ziggurat
05:43 Crypt
06:46 Ziggurat
06:47 Ziggurat
08:29 Necropolis
08:45 Necropolis
09:19 Tomb of Relics
10:18 Boneyard
10:21 Ziggurat
11:12 Slaughterhouse
13:39 Ziggurat
14:35 Nerubian Tower
15:33 Spirit Tower
19:11 Beastiary
19:12 Beastiary
19:22 Watch Tower
19:22 Watch Tower
19:23 Watch Tower
19:23 Watch Tower
19:23 Watch Tower
19:24 Watch Tower
19:31 Orc Burrow
19:32 Orc Burrow
28:08 Ziggurat
28:09 Ziggurat
28:10 Ziggurat
28:11 Ziggurat
28:14 Spirit Tower
34:00 Ziggurat
34:02 Ziggurat
34:03 Ziggurat
34:04 Ziggurat
34:07 Ziggurat
34:08 Ziggurat
34:10 Ziggurat
34:10 Ziggurat
34:13 Ziggurat
35:10 Nerubian Tower
35:12 Spirit Tower
35:35 Watch Tower
35:40 Watch Tower
35:41 Watch Tower
35:41 Watch Tower
35:42 Watch Tower
36:49 Watch Tower
36:49 Watch Tower
36:50 Watch Tower
36:51 Watch Tower
36:51 Watch Tower
36:52 Watch Tower
36:53 Watch Tower
36:54 Watch Tower
36:54 Watch Tower
36:56 Watch Tower
46:28 Tomb of Relics
» items
| Staff of Teleportation | 1 | |
| Scroll of Town Portal | 8 | |
| Healing Salve | 1 | |
| Dust of Appearance | 2 | |
| Potion of Healing | 15 | |
| Potion of Mana | 3 | |
| Orb of Corruption | 1 | |
31 total
nooby1kenooby (
orange | 57 APM | 2830 actions | 49:24)
5 Pandaren Brewmaster
3 Breath of Fire
2 Drunken Brawler
» actions
| Assign group hotkey | 31 | |
| Basic commands | 12 | |
| Build / train | 132 | |
| ESC pressed | 2 | |
| Enter build submenu | 57 | |
| Enter hero's abilities submenu | 6 | |
| Give item / drop item | 1 | |
| Remove unit from queue | 2 | |
| Right click | 1176 | |
| Select / deselect | 526 | |
| Select group hotkey | 748 | |
| Use ability | 137 | |
2830 total
» units
» upgrades
| Spiked Barricades | 1 | |
| Liquid Fire | 1 | |
| Ranged Weapons | 4 | |
| Reinforced Defenses | 2 | |
| Armor | 4 | |
| War Drums Damage Increase | 1 | |
13 total
» buildings
| War Mill | 2 | |
| Orc Burrow | 6 | |
| Altar of Storms | 1 | |
| Watch Tower | 39 | |
| Stronghold | 4 | |
| Voodoo Lounge | 1 | |
| Fortress | 1 | |
| Beastiary | 3 | |
| Great Hall | 2 | |
59 total
» build order
00:09 War Mill
00:16 Orc Burrow
01:24 Altar of Storms
02:26 Watch Tower
02:45 Watch Tower
03:47 Watch Tower
04:43 Stronghold
04:43 Stronghold
04:43 Stronghold
04:55 Watch Tower
05:36 Voodoo Lounge
05:48 Orc Burrow
06:03 Watch Tower
07:22 Fortress
07:27 Beastiary
07:31 Beastiary
08:06 Orc Burrow
08:43 Orc Burrow
12:25 Orc Burrow
18:08 Watch Tower
18:18 Watch Tower
19:41 Watch Tower
19:43 Watch Tower
20:38 Watch Tower
20:39 Watch Tower
21:13 Watch Tower
22:01 Watch Tower
23:17 Watch Tower
24:20 Great Hall
24:24 Watch Tower
24:26 Watch Tower
24:32 Great Hall
24:55 Watch Tower
24:56 Watch Tower
25:04 Watch Tower
25:36 Watch Tower
25:38 Watch Tower
30:27 Beastiary
30:45 War Mill
32:07 Orc Burrow
32:27 Watch Tower
37:01 Watch Tower
37:06 Watch Tower
37:58 Watch Tower
38:00 Watch Tower
38:00 Watch Tower
39:53 Watch Tower
39:54 Watch Tower
40:25 Watch Tower
41:02 Watch Tower
41:02 Watch Tower
41:04 Watch Tower
41:12 Watch Tower
42:46 Watch Tower
42:52 Watch Tower
42:53 Watch Tower
46:00 Watch Tower
46:01 Watch Tower
» items
| Healing Salve | 3 | |
| Lesser Clarity Potion | 2 | |
| Scroll of Speed | 1 | |
| Staff of Teleportation | 1 | |
| Tiny Great Hall | 1 | |
| Boots of Speed | 1 | |
| Orb of Lightning | 1 | |
10 total
team 2 (winner)
backintheUSSR (
yellow | 101 APM | 5233 actions | 51:49)
10 Warden
3 Shadow Strike
3 Blink
3 Fan of Knives
1 Spirit of Vengeance
» actions
| Assign group hotkey | 12 | |
| Basic commands | 66 | |
| Build / train | 80 | |
| ESC pressed | 8 | |
| Enter build submenu | 43 | |
| Enter hero's abilities submenu | 10 | |
| Give item / drop item | 10 | |
| Right click | 3568 | |
| Select / deselect | 321 | |
| Select group hotkey | 724 | |
| Use ability | 391 | |
5233 total
» units
» upgrades
| Ultravision | 1 | |
| Well Spring | 1 | |
| Nature's Blessing | 1 | |
| Strength of the Moon | 3 | |
| Vorpal Blades | 1 | |
7 total
» buildings
| Altar of Elders | 1 | |
| Moon Well | 28 | |
| Hunter's Hall | 1 | |
| Tree of Life | 7 | |
| Tree of Ages | 1 | |
| Tree of Eternity | 1 | |
| Ancient of Wonders | 1 | |
| Ancient of War | 6 | |
46 total
» build order
00:07 Altar of Elders
00:18 Moon Well
01:29 Moon Well
02:04 Moon Well
03:52 Moon Well
06:13 Hunter's Hall
08:30 Tree of Life
09:54 Tree of Ages
12:20 Tree of Eternity
12:31 Ancient of Wonders
13:35 Moon Well
13:35 Moon Well
13:40 Moon Well
13:41 Moon Well
16:02 Tree of Life
19:24 Moon Well
19:53 Moon Well
22:08 Tree of Life
24:19 Tree of Life
25:07 Moon Well
25:08 Moon Well
28:03 Tree of Life
29:16 Tree of Life
30:03 Moon Well
32:45 Moon Well
32:46 Moon Well
32:49 Moon Well
32:49 Moon Well
32:54 Moon Well
32:56 Moon Well
39:44 Ancient of War
39:44 Ancient of War
39:45 Ancient of War
39:46 Ancient of War
39:46 Ancient of War
39:47 Ancient of War
45:35 Tree of Life
47:05 Moon Well
47:06 Moon Well
47:06 Moon Well
49:50 Moon Well
49:51 Moon Well
49:52 Moon Well
49:54 Moon Well
49:54 Moon Well
49:55 Moon Well
» items
| Staff of Teleportation | 1 | |
| Boots of Speed | 1 | |
| Lesser Clarity Potion | 5 | |
| Healing Salve | 1 | |
| Orb of Venom | 3 | |
| Potion of Healing | 1 | |
12 total
dogsandhorse.ru (
blue | 115 APM | 5979 actions | 51:50)
8 Blademaster
3 Wind Walk
3 Critical Strike
1 Bladestorm
1 Mirror Image
» actions
| Assign group hotkey | 39 | |
| Basic commands | 33 | |
| Build / train | 116 | |
| Enter build submenu | 53 | |
| Enter hero's abilities submenu | 8 | |
| Give item / drop item | 5 | |
| Remove unit from queue | 1 | |
| Right click | 3962 | |
| Select / deselect | 538 | |
| Select group hotkey | 785 | |
| Use ability | 439 | |
5979 total
» units
| Peon | 11 | |
| Troll Batrider | 53 | |
| Troll Witch Doctor | 1 | |
65 total
» upgrades
| Ranged Weapons | 3 | |
| Reinforced Defenses | 1 | |
| Witch Doctor Training | 1 | |
| Liquid Fire | 1 | |
| Armor | 4 | |
10 total
» buildings
| Altar of Storms | 1 | |
| Orc Burrow | 5 | |
| War Mill | 1 | |
| Voodoo Lounge | 3 | |
| Watch Tower | 30 | |
| Stronghold | 5 | |
| Beastiary | 4 | |
| Great Hall | 1 | |
| Fortress | 1 | |
| Spirit Lodge | 1 | |
52 total
» build order
00:07 Altar of Storms
00:19 Orc Burrow
00:34 War Mill
01:32 Voodoo Lounge
02:06 Watch Tower
02:13 Watch Tower
02:33 Orc Burrow
02:39 Watch Tower
03:21 Watch Tower
03:23 Watch Tower
03:25 Stronghold
03:26 Stronghold
03:26 Stronghold
03:26 Stronghold
03:29 Watch Tower
03:29 Watch Tower
03:47 Watch Tower
03:50 Watch Tower
04:17 Orc Burrow
04:18 Orc Burrow
04:26 Watch Tower
05:35 Watch Tower
05:47 Beastiary
05:49 Beastiary
05:55 Watch Tower
06:17 Beastiary
06:42 Great Hall
07:28 Watch Tower
07:34 Watch Tower
07:35 Watch Tower
07:56 Beastiary
08:33 Watch Tower
09:07 Watch Tower
10:07 Fortress
10:22 Watch Tower
10:26 Watch Tower
11:10 Watch Tower
12:56 Spirit Lodge
13:18 Voodoo Lounge
14:49 Watch Tower
14:50 Watch Tower
14:51 Watch Tower
14:57 Orc Burrow
15:05 Voodoo Lounge
15:27 Watch Tower
15:30 Watch Tower
18:43 Watch Tower
24:18 Watch Tower
24:19 Watch Tower
26:42 Watch Tower
26:43 Watch Tower
» items
| Healing Salve | 5 | |
| Lesser Clarity Potion | 10 | |
| Boots of Speed | 1 | |
| Staff of Teleportation | 4 | |
| Orb of Lightning | 4 | |
24 total
gameofours (
green | 113 APM | 5876 actions | 51:49)
8 Archmage
3 Blizzard
3 Brilliance Aura
1 Mass Teleport
1 Summon Water Elemental
6 Mountain King
3 Storm Bolt
2 Bash
1 Avatar
6 Paladin
3 Holy Light
3 Divine Shield
» actions
| Assign group hotkey | 498 | |
| Basic commands | 17 | |
| Build / train | 162 | |
| Enter build submenu | 126 | |
| Enter hero's abilities submenu | 21 | |
| Give item / drop item | 14 | |
| Remove unit from queue | 1 | |
| Right click | 2623 | |
| Select / deselect | 726 | |
| Select group hotkey | 1217 | |
| Use ability | 471 | |
5876 total
» units
» upgrades
| Masonry | 3 | |
| Magic Sentry | 1 | |
| Lumber Harvesting | 2 | |
6 total
» buildings
| Altar of Kings | 1 | |
| Farm | 4 | |
| Lumber Mill | 2 | |
| Scout Tower | 161 | |
| Arcane Tower | 7 | |
| Guard Tower | 63 | |
| Keep | 1 | |
| Arcane Sanctum | 1 | |
| Arcane Vault | 6 | |
| Town Hall | 2 | |
| Castle | 1 | |
249 total
» build order
00:05 Altar of Kings
00:34 Farm
01:04 Lumber Mill
01:14 Farm
01:24 Scout Tower
01:39 Scout Tower
01:50 Scout Tower
01:54 Scout Tower
02:00 Scout Tower
02:09 Arcane Tower
02:11 Arcane Tower
02:18 Farm
02:24 Scout Tower
02:24 Guard Tower
02:28 Arcane Tower
02:34 Guard Tower
02:36 Scout Tower
02:36 Scout Tower
05:23 Guard Tower
05:37 Guard Tower
06:51 Scout Tower
06:52 Scout Tower
07:11 Scout Tower
07:11 Scout Tower
07:12 Scout Tower
07:45 Guard Tower
07:55 Keep
07:58 Guard Tower
08:05 Scout Tower
08:06 Scout Tower
08:19 Scout Tower
08:21 Scout Tower
08:21 Scout Tower
08:40 Guard Tower
08:41 Scout Tower
08:42 Scout Tower
08:44 Guard Tower
08:50 Scout Tower
08:51 Scout Tower
08:58 Scout Tower
08:59 Scout Tower
09:00 Scout Tower
09:02 Guard Tower
09:03 Scout Tower
09:04 Scout Tower
09:12 Arcane Tower
09:15 Guard Tower
09:15 Guard Tower
09:15 Guard Tower
09:26 Scout Tower
09:29 Guard Tower
09:38 Guard Tower
09:45 Guard Tower
09:47 Scout Tower
09:48 Scout Tower
09:50 Guard Tower
10:17 Guard Tower
10:19 Scout Tower
10:21 Scout Tower
10:21 Scout Tower
10:22 Guard Tower
10:22 Guard Tower
10:24 Guard Tower
10:26 Scout Tower
10:26 Scout Tower
10:29 Arcane Sanctum
10:43 Guard Tower
10:45 Scout Tower
10:46 Guard Tower
11:03 Guard Tower
11:05 Scout Tower
11:06 Scout Tower
11:39 Guard Tower
11:52 Guard Tower
11:55 Scout Tower
11:56 Scout Tower
11:57 Scout Tower
12:02 Guard Tower
12:17 Arcane Vault
12:19 Scout Tower
12:19 Scout Tower
12:22 Scout Tower
12:22 Scout Tower
12:23 Scout Tower
12:25 Arcane Vault
13:05 Scout Tower
13:06 Scout Tower
13:08 Arcane Vault
13:13 Town Hall
13:23 Guard Tower
13:25 Scout Tower
13:26 Scout Tower
13:37 Castle
13:45 Scout Tower
14:15 Farm
14:18 Scout Tower
14:20 Guard Tower
14:23 Scout Tower
14:25 Scout Tower
14:28 Scout Tower
14:34 Guard Tower
14:37 Scout Tower
14:39 Scout Tower
14:44 Arcane Tower
14:45 Scout Tower
14:52 Scout Tower
14:53 Scout Tower
14:54 Scout Tower
15:16 Guard Tower
15:58 Guard Tower
15:59 Guard Tower
16:01 Scout Tower
16:06 Scout Tower
16:07 Scout Tower
16:11 Guard Tower
16:28 Guard Tower
16:30 Scout Tower
16:52 Guard Tower
16:58 Scout Tower
17:48 Scout Tower
17:49 Scout Tower
18:01 Lumber Mill
18:12 Arcane Tower
18:21 Scout Tower
18:22 Scout Tower
18:23 Scout Tower
18:29 Scout Tower
18:30 Scout Tower
18:34 Scout Tower
18:37 Scout Tower
18:39 Scout Tower
18:39 Scout Tower
18:42 Guard Tower
18:44 Guard Tower
18:48 Scout Tower
18:49 Scout Tower
18:53 Arcane Vault
19:21 Guard Tower
19:26 Scout Tower
19:27 Scout Tower
19:57 Guard Tower
20:57 Guard Tower
21:03 Scout Tower
21:04 Guard Tower
21:06 Arcane Tower
21:30 Guard Tower
21:32 Scout Tower
21:32 Scout Tower
22:15 Guard Tower
22:27 Guard Tower
22:32 Scout Tower
22:33 Scout Tower
22:34 Scout Tower
24:18 Guard Tower
25:00 Scout Tower
25:01 Scout Tower
25:02 Scout Tower
25:02 Scout Tower
25:03 Scout Tower
25:09 Scout Tower
25:10 Scout Tower
25:11 Scout Tower
25:11 Scout Tower
25:12 Scout Tower
25:13 Scout Tower
25:16 Scout Tower
25:17 Scout Tower
25:18 Scout Tower
25:26 Scout Tower
25:27 Scout Tower
25:27 Scout Tower
25:28 Scout Tower
25:28 Scout Tower
25:29 Scout Tower
25:30 Scout Tower
25:30 Scout Tower
25:31 Scout Tower
25:57 Guard Tower
26:27 Scout Tower
26:28 Scout Tower
27:14 Guard Tower
28:11 Guard Tower
28:47 Scout Tower
28:49 Scout Tower
28:49 Scout Tower
28:50 Scout Tower
29:25 Scout Tower
29:26 Scout Tower
29:27 Scout Tower
29:28 Scout Tower
29:45 Scout Tower
29:46 Scout Tower
29:47 Scout Tower
29:48 Scout Tower
29:53 Scout Tower
29:53 Scout Tower
29:54 Scout Tower
29:55 Scout Tower
29:55 Scout Tower
29:56 Scout Tower
30:52 Guard Tower
30:54 Scout Tower
30:54 Scout Tower
30:55 Scout Tower
30:56 Scout Tower
30:57 Scout Tower
30:58 Scout Tower
31:15 Scout Tower
31:17 Scout Tower
31:17 Scout Tower
31:19 Guard Tower
31:37 Scout Tower
31:39 Scout Tower
31:41 Scout Tower
31:49 Guard Tower
31:58 Scout Tower
31:59 Scout Tower
31:59 Scout Tower
32:06 Guard Tower
32:38 Guard Tower
33:04 Scout Tower
33:04 Scout Tower
33:06 Guard Tower
33:12 Scout Tower
33:13 Scout Tower
33:14 Scout Tower
33:15 Scout Tower
33:27 Guard Tower
33:32 Arcane Vault
33:36 Guard Tower
35:12 Scout Tower
35:14 Scout Tower
35:14 Guard Tower
35:16 Scout Tower
35:17 Scout Tower
35:32 Guard Tower
38:10 Guard Tower
46:33 Scout Tower
46:34 Scout Tower
46:35 Scout Tower
46:36 Scout Tower
47:11 Guard Tower
47:35 Guard Tower
47:38 Arcane Vault
47:44 Scout Tower
47:45 Scout Tower
49:34 Guard Tower
51:37 Town Hall
» items
| Healing Salve | 4 | |
| Staff of Teleportation | 3 | |
| Scroll of Town Portal | 1 | |
| Orb of Lightning | 3 | |
| Staff of Sanctuary | 2 | |
| Boots of Speed | 1 | |
| Circlet of Nobility | 2 | |
| Periapt of Vitality | 1 | |
17 total
Chat log
(06:58 / All) dogsandhorse.ru: sheep block
(06:59 / All) dogsandhorse.ru: lmao
(16:56 / All) dogsandhorse.ru: pp?????
(16:57 / All) dogsandhorse.ru: mad about this game???
(17:09 / All) dogsandhorse.ru: goodbye filth
(22:27 / All) backintheUSSR: flee french scum
(28:34 / All) dogsandhorse.ru: lol
(31:50 / All) dogsandhorse.ru: LOL
(32:49 / All) dogsandhorse.ru: lol
(32:51 / All) backintheUSSR: oui oui oui
(33:01 / All) dogsandhorse.ru: lol
(33:40 / All) dogsandhorse.ru: l,ma
(33:42 / All) dogsandhorse.ru: o
(34:37 / Allies) gameofours: mumble died
(34:42 / Allies) gameofours: tome here
(34:49 / Allies) dogsandhorse.ru: take
(34:50 / Allies) dogsandhorse.ru: yours
(34:54 / Allies) backintheUSSR: takea
(35:11 / Allies) gameofours: mumble dead for all or jus a me?
(35:13 / Allies) dogsandhorse.ru: just u
(35:17 / Allies) gameofours: !
(35:24 / Allies) dogsandhorse.ru: iots happened to me before
(36:25 / All) dogsandhorse.ru: lmao
(36:43 / Allies) backintheUSSR: want me to use blade
(37:00 / Allies) gameofours: trying to switch focus
(37:01 / Allies) gameofours: hilaridad
(37:07 / All) backintheUSSR: hey
(37:13 / All) backintheUSSR: remember when you guys all picked pandas
(37:16 / All) backintheUSSR: and fed teal
(37:19 / All) backintheUSSR: and then you won
(37:26 / All) backintheUSSR: no wait he teched with 2 acolytes and then you lost
(38:34 / Allies) backintheUSSR: leave
(38:35 / Allies) backintheUSSR: abts kill
(39:52 / Allies) backintheUSSR: making glaives
(42:39 / Allies) backintheUSSR: tyler watch teh GLAIVEs
(42:43 / Allies) dogsandhorse.ru: i tey
(42:45 / Allies) dogsandhorse.ru: try
(42:50 / Allies) dogsandhorse.ru: 1 yhand
(47:54 / All) dogsandhorse.ru: this game
(47:55 / All) dogsandhorse.ru: is so good
(47:58 / All) dogsandhorse.ru: you guys
(47:59 / All) dogsandhorse.ru: are so ba
(49:27 / All) backintheUSSR: CYA
(49:27 / All) dogsandhorse.ru: filth
(49:28 / All) dogsandhorse.ru: garbage
(49:29 / All) dogsandhorse.ru: scum
(49:33 / All) dogsandhorse.ru: detestemente
(49:58 / All) dogsandhorse.ru: where are you from
(49:59 / All) dogsandhorse.ru: trash
(50:03 / All) dogsandhorse.ru: the dump?????? lol
(50:26 / All) dogsandhorse.ru: of course filthy undead stays last
(51:40 / All) backintheUSSR: u not 2 good
(51:46 / All) dogsandhorse.ru: http://highper.ch